 Dungeon Crawl Stone Soup version 0.26-a0-597-gb535b0901c (webtiles) character file.

Game seed: 9560221477728369673

86787 raph the Unseen (level 16, -7/126 HPs)
             Began as a Kobold Delver on Aug 25, 2020.
             Was a High Priest of Elyvilon.
             Killed from afar by a merfolk aquamancer (28 damage)
             ... with a shard of ice
             ... on level 1 of the Shoals on Aug 26, 2020.
             The game lasted 01:01:35 (22697 turns).

raph the Unseen (Kobold Delver)                    Turns: 22697, Time: 01:01:36

Health: -7/126     AC: 19    Str: 11    XL:     16   Next: 35%
Magic:  17/29      EV: 28    Int:  8    God:    Elyvilon [*****.]
Gold:   1660       SH: 10    Dex: 25    Spells: 18/19 levels left

rFire    . . .     SeeInvis +   a - +8 rapier (elec)
rCold    . . .     Faith    +   r - +2 buckler
rNeg     . . .     Spirit   .   O - +2 troll leather armour
rPois    +         Reflect  .   k - +2 helmet
rElec    +         Harm     .   H - +1 cloak
rCorr    .         NoTele   +   W - +0 pair of gloves
MR       +....                  M - +0 pair of boots of the Game Afoot {-Tele rElec rPois}
Stlth    +++++++...             J - amulet "Icawkaol" {Faith Int-4 Dex+4 SInv}
HPRegen  0.71/turn              x - +4 ring of protection
MPRegen  0.21/turn              Z - ring of attention (curse)

@: lethally poisoned (-7 -> -7), divinely vigorous, very slightly contaminated,
invisible (expiring)
A: small, nightstalker 3
a: Lesser Healing, Heal Other, Purification, Greater Healing, Divine Vigour,
Divine Protection, Renounce Religion


You were on level 1 of the Shoals.
You worshipped Elyvilon.
Elyvilon was extremely pleased with you.
You visited 4 branches of the dungeon, and saw 23 of its levels.
You also visited: Ice Cave.

You collected 2672 gold pieces.
You spent 1012 gold pieces at shops.

Inventory:

Hand Weapons
 a - a +8 rapier of electrocution (weapon)
 b - a +0 vorpal hand crossbow
 T - the +1 rapier of Juomenut {elec, rF+ MR+ Int-3 Dex+3}
   (You found it on level 4 of the Dungeon)

   Occasionally, upon striking a foe, it will discharge some electrical energy
   and cause terrible harm.
   It affects your intelligence (-3).
   It affects your dexterity (+3).
   It protects you from fire.
   It affects your resistance to hostile enchantments.
 Y - a +3 short sword
Missiles
 d - 11 boomerangs of dispersal
 u - 51 poisoned darts (quivered)
 L - 180 bolts
 V - 5 curare-tipped darts
Armour
 k - a +2 helmet (worn)
 r - a +2 buckler (worn)
 H - a +1 cloak (worn)
 M - the +0 pair of boots of the Game Afoot (worn) {-Tele rElec rPois}
   (You acquired it on level 5 of the Lair of Beasts)

   It insulates you from electricity.
   It protects you from poison.
   It prevents most forms of teleportation.
 O - a +2 troll leather armour (worn)
 W - a +0 pair of gloves (worn)
Jewellery
 v - a +4 ring of evasion
 x - a +4 ring of protection (left hand)
 y - an uncursed ring of protection from fire
 B - a +6 ring of intelligence
 C - an uncursed amulet of reflection
 D - an uncursed ring of resist corrosion
 F - the ring "Launiar" {MR+ Str+4}
   (You found it in an ice cave)

   [ring of protection from magic]

   It affects your strength (+4).
   It affects your resistance to hostile enchantments.
 J - the amulet "Icawkaol" (around neck) {Faith Int-4 Dex+4 SInv}
   (You found it in an ice cave)

   [amulet of faith]

   It allows you to gain divine favour quickly.
   It affects your intelligence (-4).
   It affects your dexterity (+4).
   It lets you see invisible.
 N - a +6 ring of dexterity
 P - an uncursed ring of ice
 Z - a cursed ring of attention (right hand)
Wands
 g - a wand of digging (15)
 h - a wand of flame (68)
 i - a wand of iceblast (7)
 I - a wand of disintegration (30)
 S - a wand of acid (21)
Scrolls
 c - 3 scrolls of fog
 e - 3 scrolls of amnesia
 j - a scroll of silence
 n - 2 scrolls of fear
 o - 12 scrolls of teleportation
 s - 8 scrolls of remove curse
 w - a scroll of random uselessness {unknown}
 K - 3 scrolls of blinking
 U - 12 scrolls of identify
Potions
 f - 4 potions of haste
 l - 3 potions of brilliance
 m - 3 potions of flight
 p - 4 potions of heal wounds
 q - 10 potions of curing
 z - 2 potions of magic
 G - 5 potions of stabbing
 Q - 3 potions of ambrosia
Miscellaneous
 E - a phantom mirror
 R - a phial of floods
 X - a box of beasts (1/3)


   Skills:
 - Level 11.8 Fighting
 + Level 14.4 Short Blades
 - Level 10.0 Crossbows
 - Level 6.9 Armour
 + Level 13.0 Dodging
 * Level 17.6 Stealth
 - Level 5.6 Shields
 + Level 2.3 Spellcasting
 + Level 2.2 Translocations
 - Level 10.1 Invocations


You had 18 spell levels left.
You knew the following spells:

 Your Spells              Type           Power        Failure   Level
a - Apportation           Tloc           #.....       19%         1

Your spell library contained the following spells:

 Spells                   Type           Power        Failure   Level
 Animate Skeleton         Necr           #.....       41%         1
 Corona                   Hex            #......      41%         1
 Magic Dart               Conj           #...         41%         1
 Sting                    Tmut/Pois      #...         41%         1
 Summon Small Mammal      Summ           #...         41%         1
 Gell's Gravitas          Tloc           #.........   47%         3
 Poisonous Vapours        Pois/Air       #.....       54%         2
 Searing Ray              Conj           #.....       54%         2
 Confusing Touch          Hex            #.......     78%         3
 Dazzling Flash           Conj/Hex       #.....       78%         3
 Ignite Poison            Fire/Tmut/Pois #.......     78%         3
 Mephitic Cloud           Conj/Pois/Air  #.......     78%         3
 Iskenderun's Mystic Bla  Conj/Tloc      #.......     95%         4
 Fulminant Prism          Conj/Hex       #.........   99%         4
 Olgreb's Toxic Radiance  Pois           #.......     99%         4
 Petrify                  Tmut/Erth      #.......     99%         4
 Irradiate                Conj/Tmut      #.........   100%        5
 Metabolic Englaciation   Hex/Ice        #.........   100%        5
 Yara's Violent Unravell  Hex/Tmut       #.........   100%        5
 Hydra Form               Tmut           #.........   100%        6
 Statue Form              Tmut/Erth      #........    100%        6
 Dragon Form              Tmut           #.........   100%        7


Dungeon Overview and Level Annotations

Branches:
Dungeon (15/15)            Temple (0/1) D:4            Lair (5/6) D:10
 Shoals (1/4) Lair:3          Orc (2/2) D:11            Elf (0/3) Orc:2
 Vaults (0/5) D:13         Depths (0/5) D:15          IceCv (visited)
  Snake: Lair:2-4    Spider: Lair:2-4     Slime: Lair:5-6

Altars:
Ashenzari
Dithmenos
Elyvilon
Hepliaklqana
Makhleb
Nemelex Xobeh
Qazlal
Ru
Trog
Xom
Yredelemnul
Zin
Beogh

Shops:
Orc:2 [([=

Portals:
Trove: D:13 (give +3 ice dragon scales)

Annotations:
D:11 exclusion: orange crystal statue


Innate Abilities, Weirdness & Mutations

You are small and have problems with some larger weapons.
You are completely attuned to the shadows.


Message History

Aim: a merfolk, wielding a +0 trident (severely wounded)
The mass of ice explodes!
The iceblast engulfs the merfolk!
The merfolk is almost dead.
The iceblast engulfs the merfolk aquamancer!!
The merfolk aquamancer is almost dead.
The iceblast engulfs the merfolk impaler!
The merfolk impaler is moderately wounded.
You flicker for a moment.
You feel sick.
You hear a shout!
Your juvenile batsting beast dies!
Your juvenile batsting beast's corpse disappears in a puff of smoke!
The merfolk impaler hits you but does no damage.
Evoke which item? (* to show all) (? for menu, Esc to quit)
Press: ? - help, Shift-Dir - straight line, p - merfolk
Okay, then.
You feel sick.
The merfolk aquamancer casts a spell at you.
The shard of ice hits you!!
You die...

≈≈≈≈≈≈.....m...≈≈≈≈
≈≈≈≈≈≈....†m.≈≈≈≈≈≈
≈≈≈≈≈≈≈≈≈≈.>...m..≈≈≈≈≈≈
≈≈≈≈≈≈≈≈≈≈≈≈..≈≈≈.P.P.≈≈≈≈
≈≈≈≈≈≈≈≈≈≈≈..#≈m≈≈PPP≈≈≈≈≈
≈≈≈≈≈≈≈≈≈..####mm≈PPP≈≈≈≈≈
≈≈≈≈≈≈≈≈≈..###§≈m≈..≈≈≈≈≈≈≈
#≈≈≈≈≈≈≈≈≈...##≈m≈≈.≈≈≈≈≈≈≈≈≈
#≈≈≈≈≈≈≈≈≈≈...@..≈≈≈≈≈≈≈P≈≈≈≈
#≈≈≈≈≈≈≈≈≈≈≈.....≈≈≈≈≈≈≈≈≈≈≈≈
#≈≈≈≈≈≈≈≈≈.....≈≈≈≈≈≈≈≈≈≈≈PP≈
#≈≈≈≈...≈≈.....≈≈≈.......≈≈P≈≈≈
#≈≈≈≈≈...≈..###....#...###PPP≈≈
#≈≈≈≈≈...≈..# #..≈......# #P≈≈
#≈≈≈≈≈≈≈.≈..###..≈....### ##≈≈≈
#≈≈≈≈≈≈≈≈≈≈.....≈≈≈...#####..≈≈
≈≈≈≈≈≈≈≈≈≈≈≈≈≈≈≈≈≈...##...≈P≈


You could see a merfolk impaler, a merfolk aquamancer and 3 merfolk.

Vanquished Creatures
  An orc warlord (Orc:1)
  A yaktaur captain (D:15)
  2 ice dragons (IceCv)
  Fannar (D:10)
  Harold (D:9)
  5 hydras
  Erolcha (D:9)
  8 vault guards (D:13)
  A catoblepas (D:15)
  2 centaur warriors (D:15)
  A merfolk aquamancer (Shoals:1)
  7 two-headed ogres
  2 tengu warriors
  A death yak (D:14)
  3 orc high priests (Orc:2)
  Nergalle (Lair:1)
  Sonja (Lair:1)
  3 skeletal warriors (D:13)
  3 unseen horrors
  A wolf spider zombie (D:13)
  A necromancer (Lair:2)
  4 orc knights
  4 harpies (D:14)
  5 orc sorcerers (Orc:2)
  An oklob plant (Lair:3)
  7 ugly things
  5 cyclopes
  6 elephants (Lair:5)
  5 black mambas
  A centaur zombie (D:15)
  Joseph (D:9)
  A merfolk siren (Lair:3)
  2 ice statues (IceCv)
  A torpor snail (Lair:4)
  Psyche (D:11)
  3 centaur skeletons
  11 cane toads
  4 rime drakes
  A kobold demonologist (D:12)
  5 komodo dragons
  A yaktaur (D:15)
  2 freezing wraiths
  2 wolf spider simulacra (D:14)
  8 trolls
  8 slime creatures (D:12)
  2 polar bears (D:14)
  4 dream sheep (Lair:5)
  10 blink frogs
  2 meliai zombies
  12 hippogriffs
  A snapping turtle (Shoals:1)
  A spriggan (shapeshifter) (D:14)
  3 wyverns
  2 water elementals
  Eustachio (D:6)
  3 wraiths
  A basilisk (D:13)
  32 yaks
  2 vampire mosquitoes (D:15)
  2 wargs (Orc:2)
  Menkaure (D:4)
  An acid dragon (D:11)
  6 water moccasins
  8 porcupines
  A meliai simulacrum (D:14)
  28 orc warriors
  3 phantoms
  2 sky beasts (D:13)
  27 ice beasts
  2 eyes of draining (D:12)
  2 black bears (D:10)
  2 necrophages
  8 ogres
  The ghost of kae the Ruffian, an amateur DrTm (D:4)
  17 centaurs
  2 wolves (D:14)
  15 crocodiles
  Blork the orc (D:6)
  24 bullfrogs
  3 gnoll sergeants (D:10)
  3 scorpions
  A wyvern skeleton (D:14)
  12 wights
  5 howler monkeys
  An electric eel (Lair:5)
  3 bullfrog zombies
  A crimson imp (D:11)
  A wyvern simulacrum (D:14)
  2 bullfrog skeletons
  4 hounds
  13 orc wizards
  2 gnoll shamans (D:10)
  Crazy Yiuf (D:6)
  5 jellies
  20 orc priests
  An iguana (D:8)
  5 hell rats (Lair:1)
  14 worker ants
  2 polar bear simulacra (Lair:2)
  A wolf simulacrum (Lair:2)
  4 yak simulacra (Lair:2)
  2 hound skeletons
  A worker ant zombie (D:6)
  Robin (D:4)
  11 gnolls
  2 howler monkey skeletons (D:8)
  9 adders
  8 river rats (Lair:1)
  4 white imps
  An ufetubus (D:14)
  An ooze (D:5)
  4 adder skeletons
  5 worms
  A dart slug (D:4)
  6 leopard geckos
  77 orcs
  3 bats
  6 giant cockroaches
  12 goblins
  10 hobgoblins
  7 jackals
  5 quokkas
  A ball python skeleton (D:6)
  9 frilled lizards
  A jackal skeleton (D:9)
  6 kobolds
  A leopard gecko zombie (D:7)
  A quokka skeleton (D:8)
  13 rats
  4 river rat simulacra (Lair:2)
  A fungus (D:6)
  A plant (D:2)
683 creatures vanquished.

Vanquished Creatures (collateral kills)
  An orc knight (Orc:2)
  A manticore (Shoals:1)
  A water nymph (Shoals:1)
  2 water elementals (Shoals:1)
  An orc (Orc:2)
6 creatures vanquished.

Vanquished Creatures (others)
  2 gnolls (D:10)
  14 fungi
  13 plants
29 creatures vanquished.

Grand Total: 718 creatures vanquished

Notes
Turn   | Place    | Note
-------+----------+-------------------------------------------
     0 | D:5      | raph the Kobold Delver began the quest for the Orb.
     0 | D:5      | Reached XP level 1. HP: 14/14 MP: 1/1
    20 | D:5      | Noticed a centaur
   102 | D:4      | Noticed Menkaure
   102 | D:4      | Noticed Robin
   377 | D:5      | Noticed a worker ant
   393 | D:4      | Got a glimmering rapier
   394 | D:4      | Identified the +1 rapier of Juomenut {elec, rF+ MR+ Int-3
                  | Dex+3} (You found it on level 4 of the Dungeon)
   441 | D:3      | Reached skill level 7 in Stealth
   441 | D:3      | Reached XP level 2. HP: 19/19 MP: 2/2
   677 | D:2      | Reached XP level 3. HP: 17/23 MP: 3/3
   952 | D:2      | Found a stormy altar of Qazlal.
  2295 | D:3      | Found a glowing silver altar of Zin.
  2308 | D:3      | Reached XP level 4. HP: 28/28 MP: 4/4
  2310 | D:3      | Found a white marble altar of Elyvilon.
  2310 | D:3      | Found a shimmering altar of Xom.
  2357 | D:3      | Found a hazy altar of Hepliaklqana.
  2378 | D:3      | Became a worshipper of Elyvilon the Healer
  3090 | D:4      | Found a staircase to the Ecumenical Temple.
  3179 | D:4      | Reached skill level 1 in Armour
  3179 | D:4      | Reached skill level 8 in Stealth
  3179 | D:4      | Reached XP level 5. HP: 33/33 MP: 5/5
  3237 | D:4      | Noticed a centaur
  3245 | D:4      | Noticed kae's ghost (amateur DrTm)
  3253 | D:4      | Found a transporter.
  3257 | D:4      | Found a transporter.
  3289 | D:4      | Noticed a hippogriff
  3293 | D:4      | Killed a hippogriff
  3293 | D:4      | Reached XP level 6. HP: 38/38 MP: 5/7
  3332 | D:4      | Killed Robin
  3537 | D:4      | Reached * piety under Elyvilon
  3539 | D:4      | Noticed a phantom
  3543 | D:4      | Killed a phantom
  3543 | D:4      | Reached skill level 5 in Short Blades
  3543 | D:4      | Reached XP level 7. HP: 43/43 MP: 8/8
  3694 | D:4      | Killed Menkaure
  3915 | D:5      | Reached skill level 9 in Stealth
  4041 | D:5      | Reached XP level 8. HP: 48/48 MP: 9/9
  4139 | D:5      | Reached skill level 5 in Fighting
  4463 | D:6      | Noticed Eustachio
  4726 | D:6      | Got a shimmering dagger
  4727 | D:6      | Identified the +9 dagger of Gogro {drain, MR+} (You found
                  | it on level 6 of the Dungeon)
  4792 | D:6      | Reached ** piety under Elyvilon
  4955 | D:6      | Found a sparkling altar of Nemelex Xobeh.
  5072 | D:6      | Killed Eustachio
  5158 | D:6      | Noticed Blork the orc
  5161 | D:6      | Killed Blork the orc
  5161 | D:6      | Reached skill level 5 in Dodging
  5441 | D:6      | Reached XP level 9. HP: 55/55 MP: 11/11
  5505 | D:6      | Found a runed translucent door.
  5508 | D:6      | Noticed Crazy Yiuf
  5514 | D:6      | Killed Crazy Yiuf
  5514 | D:6      | Reached skill level 10 in Stealth
  5644 | D:7      | Reached *** piety under Elyvilon
  5657 | D:7      | Found a basalt altar of Yredelemnul.
  5886 | D:7      | Got a smoking ring mail
  5897 | D:7      | Identified the cursed +0 ring mail "Xokh" {MR+ Int+5 Dex-3}
                  | (You found it on level 7 of the Dungeon)
  5985 | D:7      | Noticed a hippogriff
  5988 | D:7      | Killed a hippogriff
  6011 | D:7      | Found a sacrificial altar of Ru.
  6234 | D:8      | Noticed a hippogriff
  6238 | D:8      | Killed a hippogriff
  6254 | D:8      | Noticed a brown ugly thing
  6353 | D:8      | Killed a brown ugly thing
  6503 | D:8      | Reached skill level 10 in Short Blades
  6627 | D:8      | Reached XP level 10. HP: 61/61 MP: 13/13
  6962 | D:4      | Killed kae's ghost
  7126 | D:9      | Reached skill level 11 in Stealth
  7205 | D:9      | Reached **** piety under Elyvilon
  7344 | D:9      | Noticed Joseph
  7370 | D:9      | Killed Joseph
  7370 | D:9      | Reached skill level 5 in Invocations
  7431 | D:9      | Found a shattered altar of Ashenzari.
  7518 | D:9      | Noticed Harold
  7522 | D:9      | Killed Harold
  8001 | D:9      | Noticed Erolcha
  8008 | D:9      | Killed Erolcha
  8300 | D:9      | Reached XP level 11. HP: 53/67 MP: 15/15
  8357 | D:10     | Entered Level 10 of the Dungeon
  8460 | D:10     | Reached skill level 1 in Shields
  8571 | D:10     | Noticed Fannar
  8618 | D:10     | Killed Fannar
  8618 | D:10     | Reached skill level 12 in Stealth
  8698 | D:10     | Reached ***** piety under Elyvilon
  9018 | D:10     | Found a staircase to the Lair.
  9085 | D:10     | Killed an unseen horror
  9303 | Lair:1   | Entered Level 1 of the Lair of Beasts
  9400 | Lair:1   | Noticed Nergalle
  9402 | Lair:1   | Noticed Sonja
  9443 | Lair:1   | Killed Nergalle
  9473 | Lair:1   | Reached XP level 12. HP: 54/75 MP: 13/17
  9555 | Lair:1   | Killed Sonja
 10736 | Lair:2   | Noticed an eight-headed hydra
 10756 | Lair:2   | HP: 3/90 [eight-headed hydra (7)]
 11011 | Lair:2   | Noticed a five-headed hydra
 11028 | Lair:2   | Killed a five-headed hydra
 11351 | Lair:2   | Reached skill level 5 in Shields
 11386 | Lair:2   | Reached skill level 13 in Stealth
 11856 | Lair:3   | Reached XP level 13. HP: 80/80 MP: 18/18
 12271 | Lair:3   | Found a staircase to the Shoals.
 12514 | Lair:4   | Reached skill level 10 in Dodging
 12618 | Lair:4   | Reached skill level 5 in Armour
 13409 | Lair:5   | Reached skill level 10 in Fighting
 13566 | Lair:5   | Reached ****** piety under Elyvilon
 13589 | Lair:5   | Reached skill level 14 in Stealth
 13655 | Lair:5   | Identified a scroll of acquirement
 13655 | Lair:5   | Acquired the +0 pair of boots of the Game Afoot {-Tele
                  | rElec rPois}
 14210 | Lair:5   | Upgraded the game from 0.26-a0-540-g8a0c9464d7 to
                  | 0.26-a0-597-gb535b0901c
 14395 | D:11     | Noticed a seven-headed hydra
 14411 | D:11     | Killed a seven-headed hydra
 14481 | D:11     | Reached XP level 14. HP: 88/88 MP: 20/20
 14660 | D:11     | Noticed Psyche
 14671 | D:11     | Killed Psyche
 14701 | D:11     | Found a roughly hewn altar of Beogh.
 14787 | D:11     | Found a staircase to the Orcish Mines.
 14905 | D:11     | Reached skill level 1 in Crossbows
 15208 | Orc:1    | Entered Level 1 of the Orcish Mines
 15448 | Orc:2    | Entered Level 2 of the Orcish Mines
 15516 | Orc:2    | Noticed an orc warlord
 15978 | Orc:1    | Killed an orc warlord
 16343 | Orc:2    | Found a staircase to the Elven Halls.
 16579 | Orc:2    | Reached skill level 5 in Crossbows
 16579 | Orc:2    | Reached skill level 10 in Invocations
 16594 | Orc:2    | Reached skill level 15 in Stealth
 16722 | Orc:2    | Found Nona's Armour Emporium.
 16724 | Orc:2    | Found Noelun's Antique Weapon Emporium.
 16724 | Orc:2    | Found Vext's Antique Armour Shop.
 16733 | Orc:2    | Found Biem's Jewellery Shop.
 16742 | Orc:2    | Bought a glowing helmet for 307 gold pieces
 16742 | Orc:2    | Bought a smoking leather armour for 287 gold pieces
 16783 | Orc:2    | Identified the +0 leather armour "Giuxko" {rPois Str+7
                  | Int-4} (You bought it in a shop on level 2 of the Orcish
                  | Mines)
 16805 | Orc:2    | Bought a glowing hand crossbow for 201 gold pieces
 16805 | Orc:2    | Bought a runed rapier for 217 gold pieces
 17384 | D:12     | Learned a level 1 spell: Apportation
 17650 | D:12     | Reached XP level 15. HP: 95/95 MP: 22/22
 19025 | D:13     | Found a portal to a secret trove of treasure.
 19292 | D:13     | Found a gate to the Vaults.
 19310 | D:13     | Reached skill level 16 in Stealth
 19909 | D:14     | Found a shadowy altar of Dithmenos.
 20055 | D:14     | Found a bloodstained altar of Trog.
 20133 | D:14     | Found a burning altar of Makhleb.
 20455 | D:14     | Found a frozen archway.
 20493 | IceCv    | Entered an ice cave
 20744 | IceCv    | Reached skill level 17 in Stealth
 20820 | IceCv    | Reached XP level 16. HP: 101/101 MP: 23/23
 20827 | IceCv    | Got a transparent platinum ring
 20829 | IceCv    | Got a shimmering bronze amulet
 20831 | IceCv    | Identified the ring "Launiar" {MR+ Str+4} (You found it in
                  | an ice cave)
 20842 | IceCv    | Identified the amulet "Icawkaol" {Faith Int-4 Dex+4 SInv}
                  | (You found it in an ice cave)
 21257 | D:15     | Entered Level 15 of the Dungeon
 21385 | D:15     | Reached skill level 10 in Crossbows
 21385 | D:15     | Reached skill level 1 in Spellcasting
 21403 | D:15     | Reached skill level 1 in Translocations
 22155 | D:15     | Found a staircase to the Depths.
 22484 | Shoals:1 | Entered Level 1 of the Shoals
 22697 | Shoals:1 | Killed from afar by a merfolk aquamancer

Illustrated notes

Levels and vault maps discovered:
D:1:      dpeg_arrival_round_a, layout_basic
D:2:      layout_loops_ring, serial_forest, infiniplex_forest_lined_corner,
          infiniplex_forest_end_1, infiniplex_forest_clump_diagonal,
          infiniplex_forest_straight_5, infiniplex_forest_lined_1,
          nicolae_qazlal_eye_of_the_storm
D:3:      layout_rooms, grunt_temple_overflow_open,
          chequers_serial_rivers_micro_e, minmay_misc_feat_more_columns
D:4:      layout_basic, temple_hall, gammafunk_ghost_arena, uniq_menkaure,
          uniq_robin
D:5:      layout_basic, chequers_serial_rivers_large_a, lemuel_flamethrower_2
D:6:      layout_basic, kennysheep_mini_moat, cheibrodos_sewer_entry_bend,
          uniq_eustachio, uniq_crazy_yiuf_cottage, uniq_blork_the_orc
D:7:      layout_gridville, old_standard_altar, marbit_many_paths
D:8:      minmay_weird_star, layout_basic
D:9:      layout_basic, nicolae_ashenzari_panopticon, columned_hall_lemuel,
          uniq_joseph, uniq_harold, uniq_erolcha
D:10:     layout_cave_pools, due_lair_maze_entry_diamond, serial_gnoll_camp,
          gnoll_camp_mini_loothouse, gnoll_camp_mini_hut, gnoll_camp_huts_basic,
          gnoll_camp_mini_basic, uniq_fannar
D:11:     layout_big_octagon, david_orc_5, minivault_16, minmay_fire_ice_demons,
          uniq_psyche
D:12:     layout_layer_cave, minivault_1
D:13:     layout_long_grid, erik_vaults_2, nicolae_trove_entry_crystal,
          corexii_leaking_fountain, grunt_ministairs_9
D:14:     layout_cave_pods, serial_ice, serial_ice_j, serial_ice_n,
          serial_ice_o, serial_ice_f, portal_ice_cave_entry_ice_beasts,
          nicolae_dithmenos_shadow_blocks, basic_altar, trog_ov_bears_minmay
D:15:     grunt_enter_depths_snipers, layout_loops_cross,
          minmay_misc_feat_four_crosses
Lair:1:   layout_small_grid, kennysheep_abandoned_house, grunt_megastairs_1,
          uniq_nergalle, uniq_sonja
Lair:2:   layout_regular_city, spider_nest_entry_funnel_web, st_stairs_8,
          serial_bayou_pond_d, eino_house_with_fridge,
          infiniplex_staircase_pool_2
Lair:3:   layout_hall_layers, minmay_shoals_entry_lonely_mermaid,
          grunt_megastairs_5
Lair:4:   layout_regular_city
Lair:5:   layout_long_grid, infiniplex_staircase_pool
Shoals:1: layout_shoals, serial_shops, nicolae_shop_waterfront,
          nicolae_shoals_dead_sea_scrolls
Orc:1:    layout_caves, statue_in_the_mist_lemuel
Orc:2:    grunt_orc_tribal_feast, layout_diamond_mine

Skill      XL: |  1  2  3  4  5  6  7  8  9 10 11 12 13 14 15 16 |
---------------+-------------------------------------------------+-----
Stealth        | 7 8 9 10 11 12 13 14 15 17 | 17.6
Short Blades   | 3 4 5 6 8 10 11 12 13 14 | 14.4
Armour         | 1 2 3 4 5 6 |  6.9
Invocations    | 2 4 5 6 7 9 10 | 10.1
Fighting       | 4 5 6 7 8 9 10 11 | 11.8
Dodging        | 3 4 5 6 7 8 9 10 11 12 13 | 13.0
Shields        | 3 5 |  5.6
Crossbows      | 6 9 10 | 10.0
Spellcasting   | 2 |  2.3
Translocations | 2 |  2.2

Action                   |  1- 3 |  4- 6 |  7- 9 | 10-12 | 13-15 | 16-18 || total
-------------------------+-------+-------+-------+-------+-------+-------++-------
Melee: Short sword       |     6 |       |       |       |       |       ||     6
       Rapier            |    87 |    75 |   170 |   589 |  1357 |   134 ||  2412
 Fire: Hand crossbow     |       |       |       |    12 |    29 |     5 ||    46
Throw: Dart              |       |       |       |    12 |    10 |       ||    22
Invok: Greater Healing   |       |       |       |     3 |     1 |    11 ||    15
       Lesser Healing    |       |       |       |     1 |       |       ||     1
       Divine Vigour     |       |       |       |     2 |     3 |     1 ||     6
       Divine Protection |       |       |       |     1 |       |       ||     1
Evoke: Wand              |       |       |       |     3 |     2 |     1 ||     6
       Box of beasts     |       |       |       |       |     2 |     2 ||     4
       Phantom mirror    |       |       |       |       |     1 |       ||     1
  Use: Scroll            |     2 |       |    19 |     2 |    15 |     2 ||    40
       Potion            |       |       |       |     2 |     2 |     1 ||     5
 Stab: Sleeping          |    21 |    10 |    30 |    23 |   114 |    16 ||   214
       Fleeing           |     1 |       |       |       |       |       ||     1
       Distracted        |       |       |     1 |     8 |    11 |       ||    20
Armor: Leather armour    |    11 |    13 |    45 |    15 |       |       ||    84
       Troll leather arm |       |       |       |    58 |    73 |    33 ||   164
Dodge: Dodged            |    40 |    44 |   164 |   337 |   571 |   127 ||  1283
Block: Other             |       |     1 |    59 |    18 |       |       ||    78
       Reflection        |       |       |     1 |     9 |    15 |       ||    25
       Buckler           |       |       |       |   259 |   570 |    69 ||   898

Table legend: (Time is in decaauts)
 A = Elapsed time spent in this place.
 B = Non-inter-level travel time spent in this place.
 C = Inter-level travel time spent in this place.
 D = Time resting spent in this place.
 E = Time spent auto-exploring this place.
 F = Levels seen in this place.
 G = Mean time per level.
                   A        B        C        D        E       F      G
               +--------+--------+--------+--------+--------+-----+--------+
         Total |  21733 |  20373 |   1360 |   2787 |  12923 |  24 |  905.5 |
       Dungeon |  14368 |  13454 |    914 |   1853 |   8685 |  15 |  957.9 |
          Lair |   4895 |   4530 |    365 |    418 |   3261 |   5 |  979.0 |
        Shoals |    215 |    215 |      0 |      0 |    133 |   1 |  215.0 |
  Orcish Mines |   1845 |   1766 |     79 |    461 |    694 |   2 |  922.5 |
      Ice Cave |    408 |    408 |      0 |     55 |    149 |   1 |  408.0 |
               +--------+--------+--------+--------+--------+-----+--------+

Top non-repeatable levels by time:
  Lair:1: 1393 daAuts
     D:2: 1354 daAuts
    D:12: 1347 daAuts
     D:9: 1230 daAuts
     D:6: 1180 daAuts
     D:4: 1098 daAuts
  Lair:2: 1096 daAuts
    D:13: 1032 daAuts
     D:5: 1004 daAuts
    D:15: 946 daAuts
   Orc:2: 931 daAuts
    D:14: 931 daAuts
  Lair:4: 926 daAuts
   Orc:1: 914 daAuts
    D:10: 913 daAuts
